 Dungeon Crawl Stone Soup version 0.21.0-3-g78d12a8 (webtiles) character file.

154502 tsouns the Impaler (level 17, -2/140 HPs)
             Began as a Merfolk Air Elementalist on Jan 10, 2018.
             Was a High Priest of Okawaru.
             Killed by divine providence
             ... invoked by a sphinx
             ... summoned by Kirke
              (15 damage)
             ... while paralysed by a sphinx
             ... on level 2 of the Swamp on Jan 11, 2018.
             The game lasted 02:05:05 (29200 turns).

tsouns the Impaler (Merfolk Air Elementalist)      Turns: 29200, Time: 02:05:05

Health: -2/140     AC: 17    Str: 13    XL:     17   Next: 63%
Magic:  27/27      EV:  2    Int: 21    God:    Okawaru [*****.]
Gold:   1882       SH:  0    Dex: 16    Spells: 9/30 levels left

rFire    + + .     SeeInvis .   w - +8 glaive "Ruuleysk" {flame, rPois rC+}
rCold    + + +     Gourm    .   (shield currently unavailable)
rNeg     . . .     Faith    +   G - +3 troll leather armour {Snorg}
rPois    +         Spirit   .   W - +2 helmet {Int+3}
rElec    .         Reflect  .   P - +0 cloak of Terror {rF+ rC+}
rCorr    .         Harm     .   r - +1 pair of gloves
MR       ++...                  i - +2 pair of boots
Stlth    ++++......             X - amulet of faith
HPRegen  0.73/turn              q - ring "Dyable" {rF+ Str+3 Slay+2}
MPRegen  0.20/turn              M - ring of protection from magic

@: paralysed, about to teleport
A: change form in water, swift swim, stealthy swim, cold resistance 1, wild
magic 1
a: Heroism, Finesse, Renounce Religion


You were on level 2 of the Swamp.
You worshipped Okawaru.
Okawaru was extremely pleased with you.
You were not hungry.

You visited 7 branches of the dungeon, and saw 30 of its levels.
You also visited: Ice Cave and Desolation.

You collected 3111 gold pieces.
You spent 1229 gold pieces at shops.

Inventory:

Hand Weapons
 n - the +10 fustibalus of tsouns's Instant Death {velocity, rElec rF- Int+3}
   (You took it off an orc knight on level 10 of the Dungeon)

   Any stone fired from it inflicts extra damage.
   It affects your intelligence (+3).
   It makes you vulnerable to fire.
   It insulates you from electricity.
 w - the +8 glaive "Ruuleysk" (weapon) {flame, rPois rC+}
   (Okawaru gifted it to you on level 8 of the Dungeon)

   It has been specially enchanted to burn those struck by it, causing extra
   injury to most foes and up to half again as much damage against particularly
   susceptible opponents.
   Big, fiery blades are also staple armaments of hydra-hunters.
   It protects you from cold.
   It protects you from poison.
 U - the +12 bardiche of the Warrior {chop, rC+ Dex+4}
   (Okawaru gifted it to you on level 4 of the Lair of Beasts)

   It inflicts extra damage upon your enemies.
   It affects your dexterity (+4).
   It protects you from cold.
Missiles
 l - 146 sling bullets
 v - 5 throwing nets (quivered)
Armour
 i - a +2 pair of boots (worn)
 r - a +1 pair of gloves (worn)
 G - a +3 troll leather armour (worn) {Snorg}
 P - the +0 cloak of Terror (worn) {rF+ rC+}
   (Okawaru gifted it to you on level 2 of the Orcish Mines)

   It protects you from fire.
   It protects you from cold.
 W - a +2 helmet of intelligence (worn)
Jewellery
 o - an uncursed ring of see invisible
 q - the ring "Dyable" (left hand) {rF+ Str+3 Slay+2}
   (You bought it in a shop on level 2 of the Orcish Mines)

   [ring of slaying]

   It affects your strength (+3).
   It affects your accuracy and damage with ranged weapons and melee attacks
   (+2).
   It protects you from fire.
 M - a ring of protection from magic (right hand)
 X - an amulet of faith (around neck)
Wands
 z - a wand of iceblast (41)
 B - a wand of digging (41)
 D - a wand of enslavement (22)
 E - a wand of polymorph (18)
 J - a wand of paralysis (13)
 K - a wand of acid (20)
 V - a wand of clouds (10)
Scrolls
 a - 2 scrolls of summoning
 d - 7 scrolls of immolation
 e - 6 scrolls of fear
 j - 16 scrolls of remove curse
 x - 6 scrolls of identify
 A - 2 scrolls of blinking
 H - 10 scrolls of teleportation
 N - a scroll of holy word
 Q - a scroll of silence
 Z - a scroll of fog
Potions
 b - 6 potions of heal wounds
 g - 2 potions of might
 h - 2 potions of invisibility
 k - 2 potions of cancellation
 m - 8 potions of mutation
 p - a potion of brilliance
 u - 3 potions of flight
 C - 16 potions of curing
 I - 2 potions of berserk rage
 L - 5 potions of agility
 O - 3 potions of haste
 R - 2 potions of ambrosia
 S - 2 potions of resistance
Miscellaneous
 f - a sack of spiders
 s - a box of beasts
 y - a lightning rod (4/4)
 F - a phantom mirror
 Y - a lamp of fire (inert)
Comestibles
 c - 43 rations
 t - 5 chunks of flesh


   Skills:
 + Level 14.4 Fighting
 + Level 20.9 Polearms
 + Level 9.6 Slings
 - Level 5.1 Armour
 - Level 11.5 Dodging
 - Level 8.0 Stealth
 - Level 7.0 Spellcasting
 - Level 4.4 Conjurations
 - Level 4.0 Hexes
 - Level 4.0 Fire Magic
 - Level 5.8 Air Magic
 - Level 8.7 Invocations
 - Level 6.9 Evocations


You had 9 spell levels left.
You knew the following spells:

 Your Spells              Type           Power        Failure   Level  Hunger
a - Shock                 Conj/Air       ####         2%          1    None
b - Swiftness             Chrm/Air       ####....     8%          2    None
c - Static Discharge      Conj/Air       #####...     6%          3    #......
d - Airstrike             Air            #####.....   14%         4    ###....
e - Animate Skeleton      Necr           N/A          16%         1    None
f - Conjure Flame         Conj/Fire      ####....     9%          3    #......
g - Apportation           Tloc           #.....       16%         1    None
h - Tukima's Dance        Hex            ####....     10%         3    #......
i - Confuse               Hex            ####....     10%         3    #......


Dungeon Overview and Level Annotations

Branches:
Dungeon (15/15)            Temple (1/1) D:5            Lair (6/6) D:10
  Swamp (2/4) Lair:3        Snake (1/4) Lair:3        Slime (0/5) Lair:5
    Orc (2/2) D:11            Elf (3/3) Orc:2        Vaults (0/5) D:14
 Depths (0/5) D:15

Altars:
Ashenzari
Cheibriados
Dithmenos
Elyvilon
Fedhas
Gozag
Hepliaklqana
Kikubaaqudgha
Makhleb
Nemelex Xobeh
Okawaru
Qazlal
Ru
Sif Muna
Trog
Uskayaw
Vehumet
Wu Jian
Xom
Yredelemnul
Zin
The Shining One
Beogh
Jiyva

Shops:
D:11 :*%(   D:15 ?(   Orc:2 (?=(

Annotations:
D:3 xight's ghost, amateur MiFi
D:4 Nicoed's ghost, amateur DDTm
D:11 Ignatius881's ghost, journeyman MiBe
Swamp:2 Kirke
Elf:2 3 runed doors


Innate Abilities, Weirdness & Mutations

You revert to your normal form in water.
You are very nimble and swift while swimming.
You are very stealthy in the water. (Stealth+)
Your flesh is cold resistant. (rC+)
Your spells are a little harder to cast, but a little more powerful.


Message History

Unknown command.
You feel much better. The harpy misses you. x2
The swamp worm barely misses you. The harpy closely misses you. x2
The sphinx misses you. x2; The sphinx barely misses you.
The harpy misses you. x2
The lindwurm breathes flames at you. The blast of flame hits you! You resist.
* * * LOW HITPOINT WARNING * * *
The swamp worm bites you!
* * * LOW HITPOINT WARNING * * *
Unknown command.
Your +2 pair of boots unmelds from your body.
A bog body comes into view.
The harpy claws you but does no damage. The harpy closely misses you.
The sphinx casts a spell.
You suddenly lose the ability to move!
The swamp worm bites you but does no damage.
The sphinx casts a spell.
Something smites you!
You die...

≈...≈.≈.≈[..§..(.♣♣♣♣♣:.≈.≈≈≈≈≈
.♣.♣♣...≈≈≈≈..≈≈≈.♣ ♣♣♣♣♣.≈≈≈≈
. ♣≈.♣≈≈≈≈≈≈≈≈h≈≈≈≈.♣ ♣♣♣♣.≈≈≈
..♣....≈≈≈≈≈≈≈≈n≈≈≈.♣ ♣.♣≈.§≈≈
...≈≈≈>≈♣.≈≈≈≈≈≈.≈≈.♣♣♣♣..♣.≈≈≈
.≈≈≈≈≈..♣♣.≈≈≈....≈≈§≈≈...♣♣≈≈≈
.§....≈≈.≈.≈≈≈.♣♣♣♣♣♣♣.≈≈≈.≈♣.≈
.≈..≈≈≈≈≈.≈≈≈≈.♣♣♣♣ ♣.≈≈≈.♣♣≈.
.≈.≈≈≈≈≈≈.♣≈..@w..♣ ♣≈≈≈≈.♣♣♣.
...≈≈≈≈.))).(.≈§§k♣♣ ♣♣...♣♣...
≈≈≈.>♣♣♣♣.<..H§≈H≈h♣ ♣?...≈..≈≈
≈§≈.♣ ♣♣..≈≈≈≈≈≈≈.♣♣♣≈≈..≈.≈≈≈
.... ♣.)≈≈≈≈≈≈≈≈≈.♣........≈≈
..≈ ♣♣♣.≈≈≈≈..≈≈...........♣
♣.≈≈≈..≈≈≈..########..
♣♣.≈≈).♣♣≈..# #.. ♣.≈≈.♣♣♣♣..#
...


You could see a sphinx, a lindwurm, a bog body, a harpy, a swamp worm and 2
hogs.

Vanquished Creatures
  Mara (Elf:3)
  Nikola (Elf:1)
  Rupert (D:14)
  A thorn hunter (Swamp:1)
  2 orc warlords
  2 ghouls (Swamp:2)
  A deep elf elementalist (Elf:1)
  2 deep elf annihilators (Elf:2)
  Josephine (Orc:1)
  Fannar (Orc:1)
  4 vault guards (D:14)
  2 catoblepae (D:13)
  2 deep elf high priests
  7 hydras
  Harold (D:11)
  5 centaur warriors
  4 alligators
  An anaconda (Lair:3)
  10 dancing weapons
  12 two-headed ogres
  A death knight (D:14)
  2 death yaks
  A tengu warrior (D:14)
  Urug (D:10)
  A sun demon (D:15)
  9 deep elf knights
  Sonja (Lair:2)
  2 unseen horrors
  A spriggan druid (Swamp:2)
  An unseen horror (shapeshifter) (Elf:1)
  A shambling mangrove (Swamp:2)
  A swamp dragon (Swamp:1)
  2 wizards (D:15)
  The ghost of Aviak the Skirmisher, a novice HOWn of Zin (D:6)
  9 deep elf archers
  A necromancer (IceCv)
  2 orc knights (Orc:2)
  Pikel (D:4)
  5 ugly things
  30 deep elf magi
  2 orc sorcerers
  3 cyclopes
  A manticore (D:11)
  An eye of devastation (shapeshifter) (D:15)
  4 black mambas
  A guardian serpent (shapeshifter) (Elf:1)
  14 elephants
  An ice statue (IceCv)
  A torpor snail (Lair:6)
  A centaur skeleton (D:14)
  4 gargoyles
  12 spiny frogs
  2 komodo dragons
  A kobold demonologist (D:11)
  A yaktaur (D:10)
  3 rime drakes
  10 freezing wraiths (IceCv)
  3 ice devils
  A meliai (D:10)
  4 trolls
  9 polar bears (Lair:6)
  A tyrant leech (Swamp:2)
  2 hornets
  A wolf spider simulacrum (IceCv)
  17 blink frogs
  8 bog bodies
  Prince Ribbit (D:9)
  2 raiju (Lair:6)
  23 hippogriffs
  9 slime creatures
  2 spriggans (Swamp:2)
  6 shadows
  4 wraiths (Orc:1)
  3 wyverns
  An air elemental (Elf:1)
  25 yaks
  3 water elementals
  6 basilisks
  29 vampire mosquitoes
  2 hungry ghosts
  4 fire elementals
  A death yak simulacrum (IceCv)
  4 swamp worms (Swamp:1)
  11 wargs
  2 steam dragons
  An acid dragon (D:14)
  3 nagas (Lair:3)
  A soldier ant (D:8)
  Menkaure (D:7)
  13 hell hounds (Lair:6)
  12 water moccasins
  3 porcupines
  Duvessa (D:5)
  A slave (D:5)
  8 ice beasts
  7 sky beasts
  4 necrophages
  3 phantoms
  38 orc warriors
  3 swamp drakes
  13 black bears
  An alligator simulacrum (IceCv)
  9 centaurs
  8 ogres
  16 wolves
  11 crocodiles
  A wyvern zombie (D:7)
  21 bullfrogs
  A gnoll sergeant (D:8)
  7 earth elementals
  A wyvern skeleton (D:12)
  A water moccasin skeleton (D:5)
  An elephant simulacrum (IceCv)
  13 killer bees
  4 scorpions
  10 wights
  6 howler monkeys
  10 electric eels
  13 crimson imps
  3 draconian simulacra (IceCv)
  A quasit (D:10)
  3 centaur zombies
  A bullfrog zombie (D:6)
  3 hounds
  3 jellies
  7 orc priests
  19 orc wizards
  2 bullfrog skeletons
  5 iguanas
  Ijyb (D:5)
  A spriggan simulacrum (IceCv)
  12 worker ants
  4 troll simulacra (IceCv)
  A killer bee zombie (D:10)
  3 centaur simulacra (IceCv)
  2 hound zombies
  A worker ant zombie (D:7)
  9 adders
  7 naga simulacra (IceCv)
  20 gnolls
  2 ogre simulacra (IceCv)
  5 shadow imps
  16 white imps
  An adder skeleton (D:9)
  5 dart slugs
  14 leopard geckos
  72 orcs
  3 giant cockroaches
  2 goblins
  7 hobgoblins
  20 jackals
  9 kobolds
  7 quokkas
  2 ball pythons
  6 bats
  9 frilled lizards
  A giant cockroach zombie (D:6)
  11 rats
  A plant (Lair:6)
927 creatures vanquished.

Vanquished Creatures (collateral kills)
  Snorg (Orc:1)
  The ghost of Rhok the Severer, a journeyman MiFi of Okawaru (D:10)
  2 centaur warriors
  A death yak (Lair:6)
  An orc knight (D:10)
  A spiny frog (Lair:6)
  A rime drake (Lair:5)
  A komodo dragon (Lair:6)
  A merfolk (shapeshifter) (D:15)
  A blink frog (Lair:6)
  A raiju (Lair:6)
  4 yaks
  A yak (shapeshifter) (D:10)
  A hell hound (Lair:6)
  An orc warrior (Orc:1)
  A centaur (D:10)
  A crocodile (Lair:5)
  A scorpion (D:9)
  A wight (D:13)
  A howler monkey (D:9)
  An orc wizard (Orc:1)
  An orc (Orc:1)
  A fungus (Lair:5)
  2 plants
29 creatures vanquished.

Vanquished Creatures (others)
  2 trolls (D:10)
  A slave (D:5)
  Dowan (D:5)
  4 fungi
  10 plants
  6 withered plants (Swamp:2)
24 creatures vanquished.

Grand Total: 980 creatures vanquished

Notes
Turn   | Place    | Note
-------+----------+-------------------------------------------
     0 | D:1      | tsouns the Merfolk Air Elementalist began the quest for the Orb.
     0 | D:1      | Reached XP level 1. HP: 13/13 MP: 3/3
   278 | D:1      | Reached XP level 2. HP: 20/20 MP: 3/5
   349 | D:1      | Reached skill level 1 in Fighting
   388 | D:1      | Learned a level 2 spell: Swiftness
   813 | D:2      | Found a stormy altar of Qazlal.
   819 | D:2      | Reached XP level 3. HP: 26/26 MP: 0/6
  1246 | D:2      | Found a radiant altar of Vehumet.
  1279 | D:2      | Reached XP level 4. HP: 33/33 MP: 4/7
  1736 | D:3      | Found a shadowy altar of Dithmenos.
  1780 | D:3      | Noticed xight's ghost (amateur MiFi)
  1915 | D:2      | Learned a level 3 spell: Static Discharge
  2334 | D:4      | Reached XP level 5. HP: 39/39 MP: 2/8
  2448 | D:4      | Noticed Nicoed's ghost (amateur DDTm)
  2477 | D:4      | Noticed a phantom
  2501 | D:4      | Killed a phantom
  2501 | D:4      | Reached XP level 6. HP: 27/46 MP: 0/9
  3132 | D:3      | Reached skill level 5 in Dodging
  3759 | D:5      | Entered Level 5 of the Dungeon
  3782 | D:5      | Noticed Dowan
  3783 | D:5      | Noticed Duvessa
  3808 | D:5      | Killed Duvessa
  3808 | D:5      | Reached XP level 7. HP: 21/53 MP: 0/10
  3825 | D:5      | Noticed Pikel
  4617 | D:4      | You fall through a shaft!
  4620 | D:5      | Reached skill level 5 in Stealth
  4690 | D:5      | Gained mutation: Your spells are a little harder to cast, but a little more powerful. [potion of mutation]
  4690 | D:5      | Gained mutation: Your flesh is cold resistant. (rC+) [potion of mutation]
  5579 | D:4      | Killed Pikel
  5579 | D:4      | Reached skill level 5 in Fighting
  5579 | D:4      | Reached XP level 8. HP: 62/62 MP: 4/11
  5734 | D:5      | Learned a level 4 spell: Airstrike
  5809 | D:5      | Killed Dowan
  5839 | D:5      | Found a staircase to the Ecumenical Temple.
  5859 | Temple   | Entered the Ecumenical Temple
  6025 | Temple   | Became a worshipper of Warmaster Okawaru
  6390 | D:5      | Noticed Ijyb
  6410 | D:5      | Killed Ijyb
  6410 | D:5      | Reached skill level 5 in Air Magic
  6563 | D:6      | Noticed Aviak's ghost (novice HOWn)
  6691 | D:6      | Reached skill level 2 in Polearms
  6921 | D:6      | Reached * piety under Okawaru
  6921 | D:6      | Reached skill level 3 in Polearms
  6925 | D:6      | Reached skill level 4 in Polearms
  6925 | D:6      | Reached XP level 9. HP: 64/69 MP: 12/12
  7012 | D:7      | Reached skill level 5 in Polearms
  7257 | D:7      | Reached skill level 6 in Polearms
  7534 | D:6      | Reached skill level 7 in Polearms
  7563 | D:6      | Killed Aviak's ghost
  7563 | D:6      | Reached ** piety under Okawaru
  7563 | D:6      | Reached skill level 9 in Polearms
  7870 | D:6      | Reached skill level 10 in Polearms
  8134 | D:6      | Reached skill level 11 in Polearms
  8245 | D:7      | Reached *** piety under Okawaru
  8475 | D:7      | Noticed Menkaure
  8793 | D:7      | Killed Menkaure
  8793 | D:7      | Reached skill level 12 in Polearms
  8793 | D:7      | Reached XP level 10. HP: 51/76 MP: 3/13
  9586 | D:8      | Noticed a two-headed ogre
  9628 | D:8      | Killed a two-headed ogre
  9628 | D:8      | Reached **** piety under Okawaru
  9628 | D:8      | Reached skill level 13 in Polearms
  9894 | D:8      | Reached skill level 1 in Invocations
  9988 | D:8      | Reached skill level 14 in Polearms
  9997 | D:8      | Noticed a two-headed ogre
 10043 | D:8      | Killed a two-headed ogre
 10497 | D:8      | Reached ***** piety under Okawaru
 10532 | D:8      | Learned a level 1 spell: Animate Skeleton
 10570 | D:8      | Noticed a two-headed ogre
 10596 | D:8      | Killed a two-headed ogre
 10596 | D:8      | Reached XP level 11. HP: 61/84 MP: 6/14
 10797 | D:8      | Noticed a two-headed ogre
 10849 | D:8      | Killed a two-headed ogre
 10849 | D:8      | Received a gift from Okawaru
 10849 | D:8      | Reached skill level 5 in Invocations
 10850 | D:8      | Got an encrusted glaive {god gift}
 10851 | D:8      | Identified the +8 glaive "Ruuleysk" {flame, rPois rC+} (Okawaru gifted it to you on level 8 of the Dungeon)
 10861 | D:8      | Found a sparkling altar of Nemelex Xobeh.
 10861 | D:8      | Found a deep blue altar of Sif Muna.
 10960 | D:9      | Noticed a two-headed ogre
 11048 | D:9      | Killed a two-headed ogre
 11048 | D:9      | Reached skill level 10 in Dodging
 11454 | D:9      | Noticed Prince Ribbit
 11626 | D:9      | Killed Prince Ribbit
 11944 | D:9      | Received a gift from Okawaru
 11953 | D:9      | Got a slimy bardiche {god gift}
 11954 | D:9      | Identified the +7 bardiche "Uvvyclyg" {pain, rF+ MR+ Int+2} (Okawaru gifted it to you on level 9 of the Dungeon)
 12057 | D:10     | Entered Level 10 of the Dungeon
 12131 | D:10     | Found a staircase to the Lair.
 12149 | D:10     | Reached skill level 15 in Polearms
 12219 | D:10     | Noticed Rhok's ghost (journeyman MiFi)
 12235 | D:10     | Noticed Urug
 12236 | D:10     | Noticed a two-headed ogre
 12265 | D:10     | Killed Urug
 12269 | D:10     | Killed a two-headed ogre
 12269 | D:10     | Reached XP level 12. HP: 44/94 MP: 7/16
 12364 | D:10     | Killed Rhok's ghost
 12508 | D:10     | Noticed a centaur warrior
 12509 | D:10     | Noticed a centaur warrior
 12510 | D:10     | Received a gift from Okawaru
 12536 | D:10     | Killed a centaur warrior
 12536 | D:10     | Reached skill level 16 in Polearms
 12925 | D:10     | Killed a centaur warrior
 13035 | D:10     | Noticed a two-headed ogre
 13040 | D:10     | Killed a two-headed ogre
 13069 | D:10     | Got a dazzling fustibalus
 13070 | D:10     | Identified the +10 fustibalus of tsouns's Instant Death {velocity, rElec rF- Int+3} (You took it off an orc knight on level 10 of the Dungeon)
 13638 | D:11     | Found a staircase to the Orcish Mines.
 13696 | D:11     | Learned a level 3 spell: Conjure Flame
 13712 | D:11     | Found Pibruwi's Book Shop.
 13822 | D:11     | Learned a level 1 spell: Apportation
 13838 | D:11     | Noticed Harold
 13852 | D:11     | Reached skill level 1 in Conjurations
 13875 | D:11     | Reached skill level 1 in Slings
 13877 | D:11     | Killed Harold
 13896 | D:11     | Received a gift from Okawaru
 13896 | D:11     | Reached skill level 1 in Fire Magic
 13899 | D:11     | Got a warped robe {god gift}
 13904 | D:11     | Identified the +0 robe of Foappaz {Regen+ Dex+4} (Okawaru gifted it to you on level 11 of the Dungeon)
 13948 | D:11     | Noticed Ignatius881's ghost (journeyman MiBe)
 14295 | D:11     | Found Hunownin's Antique Weapon Boutique.
 14457 | Lair:1   | Entered Level 1 of the Lair of Beasts
 15478 | Lair:2   | Noticed Sonja
 15484 | Lair:2   | Killed Sonja
 15484 | Lair:2   | Reached XP level 13. HP: 68/101 MP: 18/18
 16435 | Lair:3   | Found a staircase to the Snake Pit.
 16722 | Lair:3   | Found a staircase to the Swamp.
 17150 | Lair:4   | Received a gift from Okawaru
 17156 | Lair:4   | Got a brightly glowing bardiche {god gift}
 17157 | Lair:4   | Identified the +12 bardiche of the Warrior {chop, rC+ Dex+4} (Okawaru gifted it to you on level 4 of the Lair of Beasts)
 17304 | Lair:4   | Reached skill level 10 in Fighting
 17670 | Lair:5   | Reached skill level 17 in Polearms
 17681 | Lair:5   | You fall through a shaft!
 17681 | Lair:6   | Entered Level 6 of the Lair of Beasts
 17953 | Lair:5   | Reached skill level 5 in Spellcasting
 18040 | Lair:5   | Received a gift from Okawaru
 18051 | Lair:5   | Got a smoking helmet {god gift}
 18057 | Lair:5   | Identified the -4 helmet "Trusted Companion" {MR- Dex+6 SInv Stlth+} (Okawaru gifted it to you on level 5 of the Lair of Beasts)
 18167 | Lair:5   | Reached XP level 14. HP: 93/111 MP: 21/21
 18511 | Lair:5   | Found a viscous altar of Jiyva.
 18511 | Lair:5   | Found a staircase to the Slime Pits.
 18880 | Lair:6   | Reached skill level 5 in Slings
 19770 | Lair:6   | Reached skill level 18 in Polearms
 19782 | Lair:6   | Reached ****** piety under Okawaru
 19805 | Lair:6   | Received a gift from Okawaru
 20004 | Swamp:1  | Entered Level 1 of the Swamp
 20038 | Snake:1  | Entered Level 1 of the Snake Pit
 20208 | D:11     | Found Qiecwour's Assorted Antiques.
 20216 | D:11     | Bought a potion of heal wounds for 115 gold pieces
 20216 | D:11     | Bought a scroll labeled ZUWNYE MEGAI for 23 gold pieces
 20216 | D:11     | Bought a scroll labeled ANEITACIQO for 23 gold pieces
 20216 | D:11     | Bought a curved fluorescent wand for 92 gold pieces
 20245 | D:11     | Found Illuis's Food Emporium.
 20550 | D:12     | Got a fine plate armour
 20561 | D:12     | Identified the cursed +1 plate armour "Uxuh" {rPois rN+ Dex+2} (You found it on level 12 of the Dungeon)
 20680 | D:12     | Got a clouded lapis lazuli ring
 20698 | D:12     | Identified the ring "Gaivvon" {Fire +Fly rPois} (You found it on level 12 of the Dungeon)
 20773 | D:12     | Reached skill level 1 in Evocations
 21044 | D:13     | Found a frozen archway.
 21048 | D:13     | Reached skill level 1 in Armour
 21057 | IceCv    | Entered an ice cave
 21251 | IceCv    | Reached XP level 15. HP: 113/120 MP: 23/25
 21464 | IceCv    | Found an ancient bone altar of Kikubaaqudgha.
 22105 | D:13     | Received a gift from Okawaru
 22305 | D:13     | Received a gift from Okawaru
 22679 | D:14     | Found a gate to the Vaults.
 22708 | D:14     | Reached skill level 19 in Polearms
 22784 | D:14     | Noticed Rupert
 22793 | D:14     | Paralysed by Rupert for 4 turns
 22802 | D:14     | Killed Rupert
 22994 | D:14     | Received a gift from Okawaru
 23220 | D:15     | Entered Level 15 of the Dungeon
 23354 | D:15     | Received a gift from Okawaru
 23836 | D:15     | Found a staircase to the Depths.
 23936 | D:15     | Found Usimeif's Magic Scroll Emporium.
 23949 | D:15     | Bought a scroll of teleportation for 42 gold pieces
 23949 | D:15     | Bought a scroll of teleportation for 42 gold pieces
 23950 | D:15     | Found Bosene Noyd's Antique Weapon Shoppe.
 24282 | Orc:1    | Entered Level 1 of the Orcish Mines
 24290 | Orc:1    | Noticed an orc warlord
 24292 | Orc:1    | Noticed Fannar
 24316 | Orc:1    | Killed Fannar
 24367 | Orc:1    | Killed an orc warlord
 24462 | Orc:1    | Noticed Snorg
 24477 | Orc:1    | Killed Snorg
 24583 | Orc:1    | Found a roughly hewn altar of Beogh.
 24820 | Orc:2    | Entered Level 2 of the Orcish Mines
 24836 | Orc:2    | Reached XP level 16. HP: 90/129 MP: 19/26
 24842 | Orc:2    | Reached skill level 5 in Evocations
 25264 | Orc:2    | Found a staircase to the Elven Halls.
 25299 | Orc:2    | Received a gift from Okawaru
 25324 | Orc:2    | Got a translucent cloak {god gift}
 25336 | Orc:2    | Identified the +0 cloak of Terror {rF+ rC+} (Okawaru gifted it to you on level 2 of the Orcish Mines)
 25355 | Orc:1    | Noticed Josephine
 25367 | Orc:1    | Killed Josephine
 25623 | Orc:2    | Found Fipeliq's Jewellery Emporium.
 25623 | Orc:2    | Found Yna Ufis's Magic Scroll Boutique.
 25623 | Orc:2    | Found Tyrem's Antique Weapon Shop.
 25626 | Orc:2    | Found Damyggum's Weapon Shoppe.
 25645 | Orc:2    | Bought the ring "Dyable" {rF+ Str+3 Slay+2} for 454 gold pieces
 25645 | Orc:2    | Bought a cursed amulet of inaccuracy for 22 gold pieces
 25648 | Orc:2    | Bought a scroll of summoning for 152 gold pieces
 25648 | Orc:2    | Bought a scroll of teleportation for 48 gold pieces
 25648 | Orc:2    | Bought a scroll of identify for 32 gold pieces
 25648 | Orc:2    | Bought a scroll of enchant armour for 120 gold pieces
 25648 | Orc:2    | Bought a scroll of identify for 32 gold pieces
 25648 | Orc:2    | Bought a scroll of identify for 32 gold pieces
 25815 | Elf:1    | Entered Level 1 of the Elven Halls
 26242 | Elf:1    | Received a gift from Okawaru
 26242 | Elf:1    | Reached skill level 20 in Polearms
 26340 | Elf:1    | Found a ruined gateway.
 26350 | Desolati | Entered the Desolation of Salt
 26543 | Elf:1    | Received a gift from Okawaru
 26634 | Elf:1    | Noticed Nikola
 26640 | Elf:1    | Killed Nikola
 26640 | Elf:1    | Reached skill level 5 in Armour
 26782 | Elf:1    | Learned a level 3 spell: Tukima's Dance
 26786 | Elf:1    | Learned a level 3 spell: Confuse
 27051 | Elf:2    | Reached skill level 1 in Hexes
 27108 | Elf:2    | Received a gift from Okawaru
 27390 | Elf:2    | Reached XP level 17. HP: 128/137 MP: 27/27
 27396 | Elf:2    | Found a runed gate.
 27396 | Elf:2    | Found a runed gate.
 27396 | Elf:2    | Found a runed gate.
 27652 | Elf:3    | Entered Level 3 of the Elven Halls
 27739 | Elf:3    | Noticed Mara
 27753 | Elf:3    | Noticed tsouns's illusion
 27766 | Elf:3    | Killed Mara
 27938 | Elf:3    | Received a gift from Okawaru
 28879 | Swamp:2  | Identified the cursed +1 plate armour "Gana Zosm" {rC- Str+6 Int+2} (You found it on level 2 of the Swamp)
 28952 | Swamp:2  | Noticed Kirke
 29186 | Swamp:2  | Noticed a sphinx
 29200 | Swamp:2  | Paralysed by a sphinx for 2 turns
 29200 | Swamp:2  | Killed from afar by a sphinx

Skill      XL: |  1  2  3  4  5  6  7  8  9 10 11 12 13 14 15 16 17 |
---------------+----------------------------------------------------+-----
Dodging        | 3 4 5 7 9 10 11 | 11.5
Fighting       | 1 2 3 5 7 8 9 10 11 12 13 14 | 14.4
Stealth        | 3 4 6 7 8 |  8.0
Air Magic      | 3 4 5 |  5.8
Polearms       | 4 12 14 15 16 17 18 19 20 | 20.9
Invocations    | 4 6 7 8 |  8.7
Conjurations   | 2 4 |  4.4
Slings         | 2 4 6 7 8 9 |  9.6
Fire Magic     | 2 3 4 |  4.0
Spellcasting   | 3 5 6 7 |  7.0
Evocations     | 1 4 6 |  6.9
Armour         | 1 3 5 |  5.1
Hexes          | 2 4 |  4.0

Action                   |  1- 3 |  4- 6 |  7- 9 | 10-12 | 13-15 | 16-18 || total
-------------------------+-------+-------+-------+-------+-------+-------++-------
Melee: Short sword       |    22 |    52 |   135 |       |       |       ||   209
       Halberd           |       |       |   188 |    40 |       |       ||   228
       Tailslap          |       |       |     1 |     4 |     1 |     9 ||    15
       Trident           |       |       |       |   120 |       |       ||   120
       Glaive            |       |       |       |   311 |    98 |   206 ||   615
       Demon trident     |       |       |       |     9 |     4 |       ||    13
       Bardiche          |       |       |       |       |   755 |   408 ||  1163
Throw: Throwing net      |       |       |       |     1 |       |       ||     1
 Cast: Shock             |    58 |    95 |    62 |    50 |     5 |       ||   270
       Static Discharge  |       |       |    30 |     4 |       |       ||    34
       Swiftness         |       |       |     4 |       |       |       ||     4
       Airstrike         |       |       |     2 |    12 |     9 |       ||    23
       Animate Skeleton  |       |       |       |    21 |    94 |     6 ||   121
       Conjure Flame     |       |       |       |       |     2 |       ||     2
       Tukima's Dance    |       |       |       |       |       |     2 ||     2
Invok: Heroism           |       |       |       |     7 |    13 |    10 ||    30
       Finesse           |       |       |       |     5 |     4 |     7 ||    16
Evoke: Wand              |       |       |    11 |    10 |     5 |     1 ||    27
       Lamp of fire      |       |       |       |       |       |     3 ||     3
  Use: Scroll            |       |    14 |     3 |    12 |     8 |     7 ||    44
       Potion            |       |     5 |     7 |       |       |     2 ||    14
 Stab: Sleeping          |       |     4 |     2 |    27 |    29 |    19 ||    81
       Distracted        |       |       |     1 |     3 |     6 |     1 ||    11
       Paralysed         |       |       |     3 |     1 |       |       ||     4
       Petrified         |       |       |       |       |     1 |       ||     1
       Confused          |       |       |       |       |       |     1 ||     1
  Eat: Chunk             |     2 |     6 |    11 |    15 |    16 |     3 ||    53
       Ration            |       |     1 |     3 |     3 |     6 |     3 ||    16
Armor: Robe              |     8 |    15 |    61 |    14 |       |       ||    98
       Skin              |       |    26 |   130 |       |       |       ||   156
       Steam dragon scal |       |       |       |    45 |    93 |       ||   138
       Troll leather arm |       |       |       |       |     5 |   113 ||   118
Dodge: Dodged            |    20 |    49 |   235 |   314 |   602 |   445 ||  1665
